 Dungeon Crawl Stone Soup version 0.23.0-3-gf3c87f2 (webtiles) character file.

Game seed: 1631618498628349012

105 varaam the Gusty (level 4, -2/29 HPs)
             Began as a Draconian Air Elementalist on Feb 20, 2019.
             Slain by an ogre
             ... wielding a +0 giant spiked club
              (8 damage)
             ... on level 5 of the Dungeon.
             The game lasted 00:11:37 (3381 turns).

varaam the Gusty (Draconian Air Elementalist)       Turns: 3381, Time: 00:11:38

Health: -2/29      AC:  6    Str: 10    XL:     4   Next: 53%
Magic:  7/8        EV: 12    Int: 17    God:
Gold:   204        SH:  0    Dex: 11    Spells: 5/8 levels left

rFire    + . .     SeeInvis .   s - +1 short sword (elec)
rCold    + . .     Gourm    .   (no shield)
rNeg     . . .     Faith    .   (armour unavailable)
rPois    +         Spirit   .   (helmet restricted)
rElec    +         Reflect  .   (no cloak)
rCorr    +         Harm     .   (no gloves)
MR       .....     Rnd*Rage +   n - +0 pair of boots
Stlth    ++........             (no amulet)
HPRegen  0.09/turn              (no ring)
MPRegen  0.11/turn              (no ring)

@: resistant, berserk cooldown, slowed, very slow
A: unfitting armour, stinger 1, berserk 1, frail 1, evolution 1, cold-blooded,
AC +5
a: no special abilities


You were on level 5 of the Dungeon.
You were not hungry.

You visited 1 branch of the dungeon, and saw 5 of its levels.

You collected 204 gold pieces.

Inventory:

Hand Weapons
 s - a +1 short sword of electrocution (weapon)
Missiles
 h - 18 poisoned needles
 Q - 54 stones (quivered)
Armour
 n - a +0 pair of boots (worn)
Scrolls
 e - 6 scrolls of remove curse
 i - 4 scrolls of identify
 p - a scroll of amnesia {unknown}
 q - a scroll of magic mapping {unknown}
 t - 2 scrolls of teleportation
Potions
 g - a potion of degeneration {unknown}
 l - a potion of lignification {unknown}
 m - a potion of might {unknown}
Comestibles
 b - 2 rations
 c - 2 chunks of flesh


   Skills:
 - Level 1.7 Dodging
 - Level 1.7 Stealth
 + Level 2.7 Spellcasting
 + Level 2.2 Conjurations
 * Level 4.4 Air Magic


You had 5 spell levels left.
You knew the following spells:

 Your Spells              Type           Power        Failure   Level  Hunger
a - Shock                 Conj/Air       ##..         4%          1    #......
s - Swiftness             Chrm/Air       #.......     11%         2    ##.....

Your spell library contained the following spells:

 Spells                   Type           Power        Failure   Level  Hunger
 Static Discharge         Conj/Air       ##......     14%         3    ###....
 Airstrike                Air            ###.......   28%         4    #####..
 Lightning Bolt           Conj/Air       ##........   77%         5    ######.


Dungeon Overview and Level Annotations

Branches:
Dungeon (5/15)
 Temple: D:4-7

Altars:


Innate Abilities, Weirdness & Mutations

Your plain brown scales are hard. (AC +5)
You cannot fit into any form of body armour.
You are cold-blooded and may be slowed by cold attacks.
Your tail ends in a poisonous barb.
You tend to lose your temper in combat.
You are frail. (-10% HP)
You evolve.


Message History

You feel sick.
You climb downwards.
A crimson imp comes into view.
The crimson imp shouts!
You hear a shout!
There is a stone staircase leading up here.
You take 1 damage, and have 8/29 hp.
You miss the crimson imp.
The crimson imp blinks!
You feel sick.
The crimson imp hits you but does no damage.
You take 1 damage, and have 7/29 hp.
The zap hits the crimson imp.
The zap misses the crimson imp.
The crimson imp misses you.
An ogre comes into view. It is wielding a +0 giant spiked club.
The crimson imp closely misses you.
You now have 7/8 mp.
Okay, then.
You feel sick.
You are no longer poisoned.
The ogre hits you with a +0 giant spiked club!
You die...

. .. # .#.##.
###
..)...###..
.......#.####
.......<5O@.#
#######.#####
#.# #.# #.#
#.. #.. ###


You could see an ogre and a crimson imp.

Levels and vault maps discovered:
D:1:      ncdulo_wetmaze, layout_loops_ring
D:2:      layout_basic, hangedman_decor_diamond_cutter,
          minmay_misc_feat_columns, uniq_natasha
D:3:      layout_loops_ring
D:4:      layout_rooms, first_ration, gammafunk_ghost_grave, patterned_corridor
D:5:      layout_loops_ring, minmay_temple_entry_enclosed_plants, uniq_duvessa

Notes
Turn   | Place    | Note
-------+----------+-------------------------------------------
     0 | D:1      | varaam the Draconian Air Elementalist began the quest for
                  | the Orb.
     0 | D:1      | Reached XP level 1. HP: 14/14 MP: 3/3
    28 | D:1      | Identified a +0 short sword
   504 | D:1      | Identified a +0 club
   521 | D:1      | Reached XP level 2. HP: 20/20 MP: 3/5
  1404 | D:2      | Identified a +0 club
  1415 | D:2      | Reached XP level 3. HP: 26/26 MP: 3/6
  1470 | D:2      | Identified a +0 dagger
  1502 | D:2      | Noticed Natasha
  1550 | D:2      | Identified a +0 club
  1557 | D:2      | Learned a level 2 spell: Swiftness
  1707 | D:2      | Identified a +0 dagger
  1853 | D:2      | Identified a +0 pair of boots (You found it on level 2 of
                  | the Dungeon)
  1945 | D:2      | Identified a +0 club
  1977 | D:2      | Reached skill level 2 in Conjurations
  2109 | D:2      | Reached skill level 4 in Air Magic
  2169 | D:2      | Identified a +0 club
  2262 | D:2      | Killed Natasha
  2262 | D:2      | Reached XP level 4. HP: 30/33 MP: 0/7
  2803 | D:3      | Identified a +1 short sword of electrocution
  3031 | D:3      | Identified a +0 short sword
  3210 | D:3      | Identified a +0 hunting sling
  3359 | D:4      | Identified a +0 morningstar
  3359 | D:4      | Identified a +0 leather armour
  3363 | D:4      | Identified a +0 short sword
  3365 | D:4      | Identified a +0 dagger
  3365 | D:4      | Identified a +0 robe
  3365 | D:4      | Identified a cursed -2 short sword
  3365 | D:4      | Identified a +0 club
  3366 | D:4      | Identified 5 scrolls of identify
  3366 | D:4      | Identified 6 scrolls of remove curse
  3367 | D:4      | Identified 3 scrolls of teleportation
  3368 | D:4      | Identified a potion of mutation
  3368 | D:4      | Gained mutation: You are frail. (-10% HP) [potion of
                  | mutation]
  3368 | D:4      | Gained mutation: You tend to lose your temper in combat.
                  | [potion of mutation]
  3368 | D:4      | Gained mutation: You evolve. [potion of mutation]
  3368 | D:4      | Gained mutation: Your tail ends in a poisonous barb.
                  | [potion of mutation]
  3369 | D:4      | Identified a potion of resistance
  3370 | D:4      | Identified a potion of berserk rage
  3376 | D:5      | Entered Level 5 of the Dungeon
  3378 | D:5      | HP: 7/29 [poisoned by an adder]
  3380 | D:5      | Identified a +0 giant spiked club
  3380 | D:5      | Noticed an ogre
  3381 | D:5      | Slain by an ogre

Table legend:
 A = Turns spent in this place as a percentage of turns spent in the entire game.
 B = Non-inter-level travel turns spent in this place as a percentage of non-inter-level travel turns spent in the entire game.
 C = Inter-level travel turns spent in this place as a percentage of turns spent in this place.
 D = Turns resting spent in this place as a percentage of non-inter-level travel turns spent in this place.
 E = Turns spent auto-exploring this place as a percentage of non-inter-level travel turns spent in this place.
 F = Non-inter-level travel turns spent in this place divided by the number of levels of this place that you've seen.
                   A       B       C       D       E      F
               +-------+-------+-------+-------+-------+----------------------
         Total | 100.0 | 100.0 |   2.8 |   9.3 |  69.9 | 657.2
       Dungeon | 100.0 | 100.0 |   2.8 |   9.3 |  69.9 | 657.2
               +-------+-------+-------+-------+-------+----------------------

Table legend:
 A = Kills in this place as a percentage of kills in entire the game.
 B = Kills by you in this place as a percentage of kills by you in the entire game.
 C = Kills by friends in this place as a percentage of kills by friends in the entire game.
 D = Other kills in this place as a percentage of other kills in the entire game.
 E = Experience gained in this place as a percentage of experience gained in the entire game.
 F = Experience gained in this place divided by the number of levels of this place that you have seen.
                   A       B       C       D       E      F
               +-------+-------+-------+-------+-------+----------------------
         Total | 100.0 | 100.0 |   N/A |   N/A | 100.0 |  30.0
       Dungeon | 100.0 | 100.0 |   N/A |   N/A | 100.0 |  30.0
               +-------+-------+-------+-------+-------+----------------------

Skill      XL: |  1  2  3 |
---------------+----------+-----
Conjurations   | 2 |  2.2
Air Magic      | 4 |  4.4
Dodging        | |  1.7
Stealth        | |  1.7
Spellcasting   | |  2.7

Action                   |  1- 3 |  4- 6 || total
-------------------------+-------+-------++-------
Melee: Unarmed           |    11 |       ||    11
       Tailslap          |     1 |     3 ||     4
       Short sword       |       |    30 ||    30
Throw: Stone             |     6 |       ||     6
 Cast: Shock             |    68 |    24 ||    92
  Use: Potion            |       |     3 ||     3
       Scroll            |       |     2 ||     2
 Stab: Sleeping          |       |     1 ||     1
  Eat: Chunk             |     5 |     4 ||     9
Armor: Skin              |    13 |    11 ||    24
Dodge: Dodged            |    24 |    24 ||    48

Vanquished Creatures
  Natasha (D:2)
  An adder (D:2)
  A worm (D:3)
  2 dart slugs
  4 leopard geckos
  An orc (D:3)
  A giant cockroach (D:1)
  11 goblins
  4 hobgoblins
  6 jackals (D:1)
  10 kobolds
  2 quokkas (D:2)
  A ball python (D:3)
  3 bats
  3 frilled lizards
  4 rats
55 creatures vanquished.
